 Dungeon Crawl Stone Soup version 0.28-a0-1447-ga5a8893891 (webtiles) character file.

Game seed: 13233203352897385704

34 chunkyMonkey the Ruffian (level 3, 0/35 HPs)
             Began as an Ogre Transmuter on Jan 10, 2022.
             Succumbed to an adder's poison
             ... on level 2 of the Dungeon.
             The game lasted 00:02:44 (1494 turns).

chunkyMonkey the Ruffian (Ogre Transmuter)          Turns: 1494, Time: 00:02:45

Health: 0/35       AC:  3    Str: 18    XL:     3   Next: 31%
Magic:  6/7        EV: 10    Int: 14    God:
Gold:   49         SH:  0    Dex:  9    Spells: 6/7 levels left

rFire   + . .      SeeInvis .     - Unarmed
rCold   + . .      Faith    .   (no shield)
rNeg    . . .      Spirit   .   a - +0 robe
rPois   +          Reflect  .   (helmet restricted)
rElec   +          Harm     .   (no cloak)
rCorr   +          Rampage  .   (gloves unavailable)
Will    .....                   (boots unavailable)
Stlth   +.........              (no amulet)
HPRegen 0.11/turn               (no ring)
MPRegen 0.10/turn               (no ring)

@: lethally poisoned (0 -> -3), resistant
A: large, unfitting armour, tough skin 1, strong 1, inability to read while
threatened
a: no special abilities


You were on level 2 of the Dungeon.
You visited 1 branch of the dungeon, and saw 2 of its levels.

You collected 49 gold pieces.

Inventory:

Armour
 a - a +0 robe (worn)
Scrolls
 b - a scroll of fog {unknown}
 c - a scroll of torment {unknown}
 d - a scroll of immolation {unknown}
 e - a scroll of enchant armour {unknown}
 h - a scroll of magic mapping {unknown}
 i - a scroll of identify {unknown}


   Skills:
 * Level 2.2 Fighting
 + Level 0.4 Armour
 * Level 2.1 Dodging
 * Level 2.9 Unarmed Combat
 * Level 2.9 Spellcasting
 + Level 2.0 Transmutations


You had 6 spell levels left.
You knew the following spells:

 Your Spells              Type           Power      Damage    Failure   Level
a - Beastly Appendage     Tmut           14%        N/A       10%         1

Your spell library contained the following spells:

 Spells                   Type           Power      Damage    Failure   Level
 Wereblood                Tmut           7%         N/A       14%         2
 Spider Form              Tmut/Pois      4%         N/A       41%         3
 Ice Form                 Ice/Tmut       4%         N/A       82%         4


Dungeon Overview and Level Annotations

Branches:
Dungeon (2/15)

Altars:

Shops:
D:1 ?   D:2 (


Innate Abilities, Weirdness & Mutations

You are too large for most types of armour.
You have tough skin. (AC +1)
Your muscles are strong. (Str +2)
You sometimes lose the ability to read scrolls when taking damage.


Message History

The adder bites you but does no damage.
You closely miss the adder. You headbutt the adder.
The adder is severely wounded.
The adder bites you.
You are poisoned.
The adder poisons you!
You miss the adder. Your headbutt misses the adder.
The adder is severely wounded.
You feel sick. The adder misses you. The adder bites you.
You are more poisoned.
The adder poisons you!
You completely miss the adder.
The adder is severely wounded.
* * * LOW HITPOINT WARNING * * *
You feel very sick. The adder closely misses you.
It was a potion of resistance.
You feel protected.
* * * LOW HITPOINT WARNING * * *
You feel sick. The adder bites you.
* * * LOW HITPOINT WARNING * * *
It was a potion of mutation.
You feel extremely strange.
You lose the ability to read scrolls when threatened.
You feel stronger.
* * * LOW HITPOINT WARNING * * *
You feel sick. The adder bites you but does no damage.
You hit the adder.
You kill the adder!
Your horns disappear.
Your talons disappear.
* * * LOW HITPOINT WARNING * * *
You feel sick.
Your Transmutations skill increases to level 2!
* * * LOW HITPOINT WARNING * * *
You feel sick.
You see here an adder corpse.
There is a lethal amount of poison in your body!
There is a lethal amount of poison in your body!
There is a lethal amount of poison in your body!
There is a lethal amount of poison in your body!
You die...

####........ ....#
............ ...
.###........ ... .#
#.......> ...
.###.######## #.#
.....# ##...## #.#
.....###..)..###.#
..............##†#
....[##.†.∩...##@# #
).<............#.#
..#
......##..†..#.#.#..#
......###...##......#
#####.# ##...#...##.#
#.# #............ #.#
##..#######...# #..
..... .# ### ##.... #


There were no monsters in sight!

Vanquished Creatures
  2 adders (D:2)
  A worm (D:2)
  An endoplasm (D:1)
  A giant cockroach (D:1)
  3 goblins
  A quokka (D:1)
  A ball python (D:1)
  A bat (D:2)
  2 frilled lizards
  2 kobolds (D:1)
15 creatures vanquished.

Notes
Turn   | Place    | Note
-------+----------+-------------------------------------------
     0 | D:1      | chunkyMonkey the Ogre Transmuter began the quest for the
                  | Orb.
     0 | D:1      | Reached XP level 1. HP: 19/19 MP: 3/3
    53 | D:1      | Found Teyl's Magic Scroll Boutique.
   705 | D:1      | Reached XP level 2. HP: 28/28 MP: 2/5
  1429 | D:2      | Found Vouci Temn's Weapon Boutique.
  1444 | D:2      | Reached XP level 3. HP: 33/35 MP: 4/7
  1491 | D:2      | Gained mutation: You sometimes lose the ability to read
                  | scrolls when taking damage. [potion of mutation]
  1491 | D:2      | Gained mutation: Your muscles are strong. (Str +2) [potion
                  | of mutation]
  1493 | D:2      | HP: 1/35 [poisoned by an adder]
  1494 | D:2      | Succumbed to an adder's poison

Illustrated notes

Levels and vault maps discovered:
D:1:      minmay_arrival_jagged, layout_rooms, serial_shops, shop,
          minmay_misc_feat_roman
D:2:      layout_basic, shapermc_ecumenical_altar_gd, serial_shops,
          nicolae_shop_bloodbath_and_beyond, minmay_misc_feat_cross,
          minmay_misc_feat_encased, corexii_corridor_pit, uniq_robin

Skill      XL: |  1  2  3 |
---------------+----------+-----
Dodging        | 2 |  2.1
Fighting       | 2 |  2.2
Transmutations | 2 |  2.0
Armour         | |  0.4
Unarmed Combat | |  2.9
Spellcasting   | |  2.9

Action                   || total
-------------------------++-------
Melee: Unarmed           ||    59
       Kick              ||     7
       Headbutt          ||     4
       Punch             ||     2
 Cast: Beastly Appendage ||    21
  Use: Potion            ||     2
Armor: Robe              ||    13
Dodge: Dodged            ||    27

Table legend: (Time is in decaauts)
 A = Elapsed time spent in this place.
 B = Non-inter-level travel time spent in this place.
 C = Inter-level travel time spent in this place.
 D = Time resting spent in this place.
 E = Time spent auto-exploring this place.
 F = Levels seen in this place.
 G = Mean time per level.
                   A        B        C        D        E       F      G
               +--------+--------+--------+--------+--------+-----+--------+
         Total |   1491 |   1444 |     47 |    861 |    421 |   2 |  745.5 |
       Dungeon |   1491 |   1444 |     47 |    861 |    421 |   2 |  745.5 |
               +--------+--------+--------+--------+--------+-----+--------+

Top non-repeatable levels by time:
     D:1: 1172 daAuts
     D:2: 318 daAuts
